 Dungeon Crawl Stone Soup version 0.31-a0-538-gbc85326fa9 (console) character file.

Game seed: 1489873693413779221

38785 petzl the Thaumaturge (level 14, -14/101 HPs)
             Began as a Formicid Delver on Aug 13, 2023.
             Was an Elder of Vehumet.
             Killed from afar by a bog body (34 damage)
             ... with a bolt of cold
             ... on level 3 of the Lair of Beasts on Aug 14, 2023.
             The game lasted 02:41:52 (27002 turns).

petzl the Thaumaturge (Formicid Delver)            Turns: 27002, Time: 02:41:52

Health: -14/101    AC:  5    Str: 25    XL:     14   Next: 36%
Magic:  25/29      EV: 14    Int: 15    God:    Vehumet [****..]
Gold:   572        SH: 12    Dex: 15    Spells: 24/36 levels left

rFire   + . .        a - +1 flail (protect)
rCold   . . .        g - +0 buckler
rNeg    . . .        T - +0 robe {Will+}
rPois   +            (helmet unavailable)
rElec   .            (no cloak)
rCorr   .            y - +1 pair of gloves "Dorhoiz" {+Blink rPois Int+2}
SInv    +            J - +0 pair of boots
Will    ++...        X - amulet of reflection
Stlth   ++++         h - ring of protection from fire
HPRegen 0.36/turn    u - +6 ring of strength
MPRegen 0.21/turn

%: reflection
@: no status effects
A: permanent stasis, dig shafts and tunnels, antennae 3, four strong arms
a: Dig, Shaft Self, Renounce Religion


You were on level 3 of the Lair of Beasts.
You worshipped Vehumet.
Vehumet was greatly pleased with you.
You visited 5 branches of the dungeon, and saw 20 of its levels.

You collected 1534 gold pieces.
You spent 962 gold pieces at shops.

Inventory:

Hand Weapons
 a - a +1 flail of protection (weapon)
 b - a +2 orcbow
 d - a +2 dagger of electrocution {!f =f}
 e - a +2 long sword of holy wrath
 m - a +2 shortbow of flaming
 r - the +3 scimitar "Ciriraf" {freeze, *Slow rPois rN+ Dex+2}
   (You bought it in a shop on level 2 of the Orcish Mines)

   Dex+2:     It affects your dexterity (+2).
   rPois:     It protects you from poison rN+: It protects you from negative
   energy.
   *Slow:     It may slow you when you take damage.
 C - the +8 long sword "Pucos" {vamp, Fragile rPois Str+3}
   (You found it on level 2 of the Dungeon)

   Str+3:     It affects your strength (+3).
   rPois:     It protects you from poison Fragile: It will be destroyed if
   unequipped.
 H - the +0 war axe "Gedwic" {heavy, rN+ Int+4 Dex+5, !f =f}
   (You bought it in a shop on level 2 of the Orcish Mines)

   Int+4:     It affects your intelligence (+4).
   Dex+5:     It affects your dexterity (+5).
   rN+:       It protects you from negative energy.
 M - a +0 scimitar of flaming
 Q - a +0 arbalest
Missiles
 l - 3 curare-tipped darts
 q - 2 throwing nets (quivered)
 D - 34 poisoned darts
 F - 12 javelins
Armour
 g - a +0 buckler (worn)
 y - the +1 pair of gloves "Dorhoiz" (worn) {+Blink rPois Int+2}
   (You found it on level 6 of the Dungeon)

   Int+2:     It affects your intelligence (+2).
   rPois:     It protects you from poison +Blink: It lets you blink.
 E - a +0 tower shield
 J - a +0 pair of boots (worn)
 N - a +2 robe of fire resistance
 T - a +0 robe of willpower (worn)
 Y - a +0 troll leather armour
Jewellery
 h - a ring of protection from fire (left hand)
 u - a +6 ring of strength (right hand)
 w - a ring of positive energy
 P - a ring of poison resistance
 R - a ring of wizardry
 X - an amulet of reflection (around neck)
Wands
 n - a wand of flame (9)
 o - a wand of paralysis (2)
 p - a wand of iceblast (2)
 L - a wand of light (4)
Scrolls
 c - 2 scrolls of fog
 i - a scroll of poison
 t - 2 scrolls of torment
 A - 3 scrolls of vulnerability
 I - 4 scrolls of identify
 O - 3 scrolls of enchant armour
 W - a scroll of revelation
Potions
 f - 4 potions of brilliance
 j - 4 potions of mutation
 k - a potion of curing
 s - a potion of berserk rage {unknown}
 v - 2 potions of magic
 x - a potion of lignification
 z - 9 potions of ambrosia
 B - 2 potions of enlightenment
 G - 3 potions of heal wounds {unknown}
 K - a potion of invisibility
 S - 2 potions of haste {unknown}
Miscellaneous
 V - a phantom mirror


   Skills:
 + Level 6.4 Fighting
 - Level 2.0 Maces & Flails
 - Level 4.0 Ranged Weapons
 - Level 3.0 Armour
 - Level 5.0 Dodging
 + Level 8.4 Stealth
 + Level 10.1 Shields
 + Level 11.9 Spellcasting
 + Level 10.5 Conjurations
 - Level 8.0 Fire Magic
 - Level 5.0 Air Magic
 + Level 6.5 Earth Magic
 - Level 4.0 Poison Magic
 - Level 3.0 Evocations


You had 24 spell levels left.
You knew the following spells:

 Your Spells              Type           Power      Damage    Failure   Level
a - Stone Arrow           Conj/Erth      68%        3d11      1%          3
b - Magic Dart            Conj           100%       1d8       1%          1
c - Foxfire               Conj/Fire      100%       2x1d9     1%          1
m - Mephitic Cloud        Conj/Pois/Air  28%        N/A       1%          3
s - Sticky Flame          Conj/Fire      36%        2d6       1%          4

Your spell library contained the following spells:

 Spells                   Type           Power      Damage    Failure   Level
 Spellforged Servitor     Conj/Summ      12%        N/A       88%         7
 Call Imp                 Summ           16%        N/A       14%         2
 Animate Armour           Summ/Erth      36%        N/A       24%         4
 Leda's Liquefaction      Hex/Erth       9%         N/A       24%         4
 Call Canine Familiar     Summ           8%         N/A       26%         3
 Portal Projectile        Hex/Tloc       16%        N/A       26%         3
 Borgnjor's Vile Clutch   Necr/Erth      9%         N/A       54%         5
 Animate Dead             Necr           8%         N/A       65%         4
 Lehudib's Crystal Spear  Conj/Erth      17%        10d5      98%         8
 Death Channel            Necr           4%         N/A       100%        6


Dungeon Overview and Level Annotations

Branches:
Dungeon (12/15)            Temple (1/1) D:4            Lair (4/5) D:9
  Snake (0/4) Lair:2          Orc (2/2) D:11            Elf (1/3) Orc:2
  Swamp: Lair:2-3    Shoals: Lair:2-3     Slime: Lair:4-5

Altars:
Ashenzari
Cheibriados
Dithmenos
Elyvilon
Fedhas
Gozag
Hepliaklqana
Kikubaaqudgha
Makhleb
Nemelex Xobeh
Okawaru
Qazlal
Ru
Sif Muna
Trog
Uskayaw
Vehumet
Wu Jian
Xom
Yredelemnul
Zin
The Shining One
Jiyva

Shops:
D:2 (   D:7 =   Orc:2 **(=(

Annotations:
D:3 exclusion: downstairs
D:4 exclusion: downstairs
D:5 exclusions: orc, sensed monster (detected) and upstairs, Dowan; Duvessa
D:6 2 runed translucent doors, exclusion: upstairs, baller8008's ghost, novice TrBe
D:7 Jeremiah
D:8 3 runed translucent doors, exclusions: downstairs and upstairs, deremet's ghost, novice GnDe
D:9 exclusion: downstairs
D:10 3 runed translucent doors, exclusion: downstairs, Splishie's ghost, novice GnWn
D:11 exclusion: downstairs
D:12 exclusion: upstairs


Innate Abilities, Weirdness & Mutations

You cannot be hasted, slowed, berserked, paralysed or teleported.
You can dig through walls and to a lower floor.
You have a pair of large antennae on your head. (SInv)
Your four strong arms can wield two-handed weapons with a shield.


Message History

You feel your power returning.
Your +1 flail of protection goes still.
b - a +2 orcbow (weapon)
You start resting.
Magic restored.
Found a mace and a scroll of enchant armour.
Found an escape hatch in the ceiling.
You see here a +0 mace.
f - 4 potions of brilliance (gained 1)
O - 3 scrolls of enchant armour (gained 1)
Press: ? - help, v - describe, . - travel
Here: a bog body (wandering, hasn't noticed you)
The floor.
Unknown command.
Unknown command.
Your +1 flail of protection hums with potential!
a - a +1 flail of protection (weapon)
A swamp worm comes into view.
The bog body points at you and mumbles some strange words.
The bolt of cold hits you!!!
Casting: Sticky Flame (mildly dangerous; 1% risk of failure)
Confirm with . or Enter, or press ? or * to list all spells.
Aiming: Sticky Flame (mildly dangerous; 1% risk of failure)
Press: ? - help, Shift-Dir - straight line, f - bog body
Aim: a bog body The sticky flame hits the bog body.
The bog body resists.
The bog body is lightly damaged.
The bog body is covered in liquid flames!
The bog body burns!
You block the bog body's attack.
Unknown command.
The bog body attacks as you move away! The bog body touches you.
The bog body freezes you!!
The bog body burns!
The swamp worm fires a harpoon shot at you.
The harpoon shot hits you!!
* * * LOW HITPOINT WARNING * * *
You are yanked forward by the harpoon shot.
The swamp worm completely misses you. The bog body casts a spell at you.
The bolt of cold hits you!!
You die...

###.... #P..... #......
#..†... ## #...... #.##
#..†... ##..P# ##.....
#....###......
♣##....###.....
♣........#..[..
♣#......###.... ♣~. ~♣
♣.......##.....
♣~.♣~♣♣#..............
♣~..~♣...............#
♣~♣.~♣.............###
.....♣~..~♣..............##
.....♣~..~♣...............#
.....♣♣w.♣♣................
......♣.@♣.................
#....♣..♣..#.......#......
#....○⌠.........##.......
#.P..n.........##........
#P.P#.........#..........
#PP........#.............
#.P......................
#..##.P.#................
##......##.###............
#.....#####.........###...
##...#.###.............P..
#...#####P.........#......
##...### ##................
#....#.# #............P...
###......#
##............###.
#.......## #.............#
#. ### ##.......#
#.............#### #.#
##........####............P#
# ..## ##..#.......#
#.............# #


You could see a bog body (burning) and a swamp worm.

Vanquished Creatures
  An orc warlord (Orc:2)
  Erica (D:8)
  A centaur warrior (Orc:2)
  Harold (D:9)
  8 death yaks
  3 two-headed ogres
  Nergalle (Lair:2)
  Pikel (D:4)
  4 orc sorcerers
  3 orc knights
  5 elephants (Lair:3)
  A black mamba (Lair:3)
  A gargoyle (D:9)
  4 kobold demonologists
  5 cane toads
  3 komodo dragons
  4 trolls
  A queen bee (D:10)
  A hornet (D:10)
  12 blink frogs
  Sigmund (D:5)
  A shadow (D:10)
  3 wraiths
  21 yaks
  2 wyverns (Lair:2)
  A steam dragon (Lair:2)
  2 vampire mosquitoes (D:9)
  7 wargs
  An acid dragon (D:10)
  2 nagas (Lair:2)
  8 water moccasins
  2 sky beasts
  41 orc warriors
  An ice beast (D:7)
  A black bear (D:4)
  11 centaurs
  8 ogres
  6 wolves (Lair:2)
  A lemure (D:4)
  2 phantoms
  3 kobold brigands
  6 bullfrogs
  An earth elemental (Elf:1)
  4 scorpions
  39 killer bees
  2 electric eels
  A jelly (D:7)
  2 gnoll boudas
  5 orc priests
  2 hounds
  An iguana (D:7)
  25 orc wizards
  12 gnolls
  7 adders
  2 white imps
  An ufetubus (D:6)
  4 worms
  3 dart slugs
  61 orcs
  10 endoplasms
  2 giant cockroaches (D:3)
  8 goblins
  2 hobgoblins
  3 jackals (D:3)
  2 quokkas
  8 ball pythons
  5 bats
  2 frilled lizards (D:1)
  18 kobolds
  2 rats (D:3)
  2 butterflies (D:4)
428 creatures vanquished.

Vanquished Creatures (collateral kills)
  7 killer bees
7 creatures vanquished.

Vanquished Creatures (others)
  A two-headed ogre (D:9)
  A shadow (D:9)
  2 killer bees
  2 kobolds (D:9)
  10 foxfires (Orc:2)
16 creatures vanquished.

Grand Total: 451 creatures vanquished

Notes
Turn   | Place    | Note
-------+----------+-------------------------------------------
     0 | D:5      | petzl the Formicid Delver began the quest for the Orb.
     0 | D:5      | Reached XP level 1. HP: 18/18 MP: 1/1
    11 | D:7      | Noticed an orc wizard
    42 | D:5      | Noticed Pikel
    42 | D:5      | Noticed a lemure
    42 | D:5      | Noticed a lemure
    42 | D:5      | Noticed a lemure
    42 | D:5      | Noticed a lemure
    79 | D:5      | Noticed an orc wizard
   132 | D:5      | Noticed an ogre
   134 | D:5      | Noticed Dowan
   136 | D:5      | Noticed a scorpion
   148 | D:5      | Noticed an orc wizard
   149 | D:5      | Noticed Duvessa
   150 | D:5      | You fall into a shaft and drop 3 floors!
   170 | D:8      | Noticed a water moccasin
   171 | D:8      | Noticed a killer bee
   173 | D:8      | Noticed a killer bee
   173 | D:8      | Noticed a killer bee
   174 | D:8      | Noticed a killer bee
   175 | D:8      | You fall into a shaft and drop 3 floors!
   283 | D:11     | Noticed a two-headed ogre
   307 | D:11     | Noticed a wraith
   321 | D:11     | Noticed a skeletal warrior
   326 | D:11     | Noticed a troll
   377 | D:10     | Entered Level 10 of the Dungeon
   419 | D:11     | Noticed a skeletal warrior
   459 | D:12     | Noticed a yak
   460 | D:12     | Noticed a yak
   537 | D:12     | Noticed a troll
   627 | D:9      | Noticed a wraith
   639 | D:9      | Noticed a killer bee
   639 | D:9      | Noticed a killer bee
   639 | D:9      | Noticed a killer bee
   666 | D:8      | Noticed Erica
   713 | D:9      | Killed a two-headed ogre
   788 | D:9      | Noticed a kobold brigand
   997 | D:10     | Noticed an electric eel
  1000 | D:10     | Killed an electric eel
  1001 | D:10     | Reached skill level 2 in Spellcasting
  1001 | D:10     | Reached XP level 2. HP: 12/24 MP: 1/5
  1001 | D:10     | Reached XP level 3. HP: 14/29 MP: 1/6
  1108 | D:9      | Found a blossoming altar of Fedhas.
  1160 | D:9      | Found a staircase to the Lair.
  1164 | Lair:1   | Entered Level 1 of the Lair of Beasts
  1164 | Lair:1   | Noticed a bullfrog
  1164 | Lair:1   | Noticed a death yak
  1164 | Lair:1   | Noticed a death yak
  1164 | Lair:1   | Noticed a death yak
  1188 | D:9      | Noticed a centaur
  1205 | D:9      | Killed a centaur
  1206 | D:9      | Reached skill level 1 in Evocations
  1206 | D:9      | Reached XP level 4. HP: 28/35 MP: 6/8
  1206 | D:9      | Reached XP level 5. HP: 33/41 MP: 6/9
  1387 | D:7      | Noticed a sky beast
  1391 | D:7      | Learned a level 3 spell: Stone Arrow
  1403 | D:7      | Noticed a hornet
  1418 | D:7      | Noticed an orc warrior
  1785 | D:2      | Found Doyrit's Weapon Shoppe.
  2223 | D:1      | Reached skill level 1 in Earth Magic
  2606 | D:2      | Reached XP level 6. HP: 46/47 MP: 10/10
  2666 | D:2      | Reached skill level 1 in Conjurations
  3069 | D:2      | Reached skill level 3 in Spellcasting
  3288 | D:2      | Identified the +8 long sword "Pucos" {vamp, Fragile rPois
                  | Str+3}
  3481 | D:3      | Learned a level 1 spell: Magic Dart
  3485 | D:3      | Learned a level 3 spell: Mephitic Cloud
  3758 | D:3      | Found a glowing golden altar of the Shining One.
  4138 | D:4      | Noticed a black bear
  4334 | D:4      | Found a shimmering altar of Xom.
  4584 | D:4      | Found a staircase to the Ecumenical Temple.
  4614 | Temple   | Entered the Ecumenical Temple
  4859 | D:4      | Reached XP level 7. HP: 44/52 MP: 12/12
  4918 | D:5      | Noticed Sigmund
  5145 | D:4      | Reached skill level 4 in Spellcasting
  5396 | D:4      | Killed Pikel
  5397 | D:4      | Reached skill level 5 in Spellcasting
  5397 | D:4      | Reached skill level 5 in Earth Magic
  5397 | D:4      | Reached XP level 8. HP: 48/58 MP: 13/15
  6190 | D:5      | You fall into a shaft and drop 3 floors!
  6565 | D:9      | Noticed a shadow
  6565 | D:9      | Noticed a yak
  6565 | D:9      | Noticed a yak
  6565 | D:9      | Noticed a yak
  6565 | D:9      | Noticed a yak
  6565 | D:9      | Noticed a yak
  6569 | D:8      | Found an ornate altar of the Wu Jian Council.
  6607 | D:8      | Noticed a two-headed ogre
  6628 | D:7      | Reached skill level 6 in Spellcasting
  6628 | D:7      | Reached skill level 5 in Conjurations
  6643 | D:8      | Reached XP level 9. HP: 48/64 MP: 16/18
  6933 | D:6      | Found a broken altar of Ashenzari.
  7177 | D:6      | Reached skill level 7 in Spellcasting
  7202 | D:6      | Found a hazy altar of Hepliaklqana.
  7259 | D:6      | Identified the +1 pair of gloves "Dorhoiz" {+Blink rPois
                  | Int+2}
  7300 | D:6      | Found a runed translucent door.
  7302 | D:6      | Noticed baller8008's ghost (novice TrBe)
  7363 | D:6      | Found a runed translucent door.
  7735 | D:6      | Found a radiant altar of Vehumet.
  7740 | D:6      | Became a worshipper of Vehumet
  8126 | D:5      | Killed Sigmund
  8127 | D:5      | Reached skill level 1 in Poison Magic
  8403 | D:7      | Reached skill level 1 in Air Magic
  8769 | D:7      | Found a sparkling altar of Nemelex Xobeh.
  8772 | D:7      | Noticed Jeremiah
  8993 | D:8      | Reached XP level 10. HP: 70/70 MP: 7/21
  9006 | D:8      | Reached * piety under Vehumet
  9006 | D:8      | Offered knowledge of Foxfire by Vehumet.
  9151 | D:8      | Killed a two-headed ogre
  9152 | D:8      | Reached skill level 8 in Spellcasting
  9240 | D:8      | Found a runed translucent gate.
  9241 | D:8      | Found a runed translucent gate.
  9242 | D:8      | Found a runed translucent gate.
  9244 | D:8      | Noticed deremet's ghost (novice GnDe)
  9292 | D:8      | Noticed a kobold demonologist
  9813 | D:8      | Killed Erica
  9814 | D:8      | Reached skill level 1 in Ranged Weapons
  9814 | D:8      | Reached skill level 1 in Armour
  9831 | D:8      | Learned a level 1 spell: Foxfire
 10008 | D:7      | Found Ackoun's One-of-a-Kind Rings.
 10081 | D:7      | Found an iron altar of Okawaru.
 10618 | D:9      | Noticed Harold
 10743 | D:9      | Killed Harold
 10939 | D:8      | Reached XP level 11. HP: 57/77 MP: 20/23
 11277 | D:9      | Reached skill level 5 in Shields
 12002 | D:10     | Reached skill level 9 in Spellcasting
 12323 | D:9      | Reached ** piety under Vehumet
 12323 | D:9      | Offered knowledge of Static Discharge by Vehumet.
 12600 | D:10     | Noticed a two-headed ogre
 12611 | D:10     | Reached skill level 5 in Fighting
 13654 | D:10     | Offered knowledge of Scorch by Vehumet.
 13886 | D:11     | Killed a two-headed ogre
 14115 | D:10     | Found a runed translucent gate.
 14116 | D:10     | Found a runed translucent gate.
 14117 | D:10     | Found a runed translucent gate.
 14120 | D:10     | Found a viscous altar of Jiyva.
 14120 | D:10     | Noticed Splishie's ghost (novice GnWn)
 14121 | D:10     | Noticed a great orb of eyes
 14293 | D:11     | Killed a two-headed ogre
 14594 | D:11     | Reached XP level 12. HP: 86/86 MP: 22/25
 14864 | D:11     | Noticed a sixfirhy
 14917 | D:11     | Noticed a sun demon
 14924 | D:10     | Reached skill level 5 in Air Magic
 15277 | D:11     | Noticed a sun demon
 15291 | D:10     | Reached *** piety under Vehumet
 15510 | D:11     | Found a staircase to the Orcish Mines.
 15875 | D:12     | Noticed a centaur warrior
 15993 | D:12     | Noticed a two-headed ogre
 16291 | D:9      | Killed a death yak
 16412 | D:9      | HP: 3/86 [death yak (17)]
 16413 | D:9      | You fall into a shaft and drop 2 floors!
 16798 | Lair:1   | Killed a death yak
 16799 | Lair:1   | Reached skill level 5 in Dodging
 16799 | Lair:1   | Reached skill level 10 in Spellcasting
 17015 | Lair:1   | Offered knowledge of Inner Flame by Vehumet.
 17026 | Lair:1   | Reached skill level 1 in Fire Magic
 17950 | Lair:2   | Noticed a death yak
 17954 | Lair:2   | Noticed a death yak
 18162 | Lair:2   | Noticed a death yak
 18163 | Lair:2   | Noticed a death yak
 18166 | Lair:2   | Noticed a death yak
 18304 | Orc:1    | Entered Level 1 of the Orcish Mines
 18382 | Orc:1    | Reached **** piety under Vehumet
 18757 | Orc:1    | Offered knowledge of Sticky Flame by Vehumet.
 18758 | Orc:1    | Reached XP level 13. HP: 29/83 MP: 22/27
 18927 | Orc:1    | Learned a level 4 spell: Sticky Flame
 19496 | Orc:2    | Entered Level 2 of the Orcish Mines
 19496 | Orc:2    | Noticed a centaur warrior
 19583 | Orc:2    | Found Yxtem's General Store.
 19591 | Orc:2    | Bought an amulet of reflection for 420 gold pieces
 21071 | Orc:2    | Reached skill level 5 in Fire Magic
 21082 | Orc:2    | Reached skill level 11 in Spellcasting
 21472 | Orc:2    | Noticed an orc warlord
 21873 | Orc:2    | Reached skill level 10 in Conjurations
 22141 | Orc:2    | Found a staircase to the Elven Halls.
 22156 | Orc:2    | Killed a centaur warrior
 22212 | Orc:2    | Reached ***** piety under Vehumet
 22344 | Orc:2    | Offered knowledge of Spellforged Servitor by Vehumet.
 23133 | Orc:2    | Found Xixt's Antique Weapon Shop.
 23133 | Orc:2    | Found Guvacil's Jewellery Shoppe.
 23135 | Orc:2    | Found Gejietuu's Weapon Emporium.
 23137 | Orc:2    | Found Yploazus's General Store.
 23159 | Orc:2    | Bought an encrusted scimitar for 279 gold pieces
 23159 | Orc:2    | Identified the +3 scimitar "Ciriraf" {freeze, *Slow rPois
                  | rN+ Dex+2} (You bought it in a shop on level 2 of the
                  | Orcish Mines)
 23159 | Orc:2    | Bought a smouldering war axe for 263 gold pieces
 23159 | Orc:2    | Identified the +0 war axe "Gedwic" {heavy, rN+ Int+4 Dex+5}
                  | (You bought it in a shop on level 2 of the Orcish Mines)
 23233 | Orc:2    | Killed an orc warlord
 23461 | Elf:1    | Entered Level 1 of the Elven Halls
 23833 | Lair:2   | Noticed Nergalle
 23903 | Lair:2   | Killed Nergalle
 24763 | Lair:2   | Found a staircase to the Snake Pit.
 25322 | Lair:2   | Reached XP level 14. HP: 84/99 MP: 18/29
 26305 | Lair:3   | Reached skill level 10 in Shields
 27002 | Lair:3   | Killed from afar by a bog body

Illustrated notes

Levels and vault maps discovered:
D:1:      ncdulo_wetmaze, layout_basic
D:2:      layout_basic, serial_shops, shop
D:3:      layout_rooms, tso_oasis_becter, minmay_misc_feat_doors,
          chequers_big_river, patterned_corridor
D:4:      layout_rooms, xom_butterflies, minmay_temple_entry_tees
D:5:      layout_basic, uniq_pikel, uniq_sigmund, uniq_duvessa
D:6:      layout_loops_corners, mainiacjoe_overflow_24_doors, ashenzari_altar_1,
          marbit_many_paths, ebering_ghost_sewer_f
D:7:      layout_cave_pools, gammafunk_temple_overflow_statue, serial_rivers,
          chequers_serial_rivers_large_a, chequers_serial_rivers_micro_a,
          chequers_serial_rivers_micro_a, chequers_serial_rivers_marsh,
          chequers_serial_rivers_micro_e, enter_ossuary_2,
          kennysheep_cluttered_room, nicolae_shop_unique_rings, uniq_jeremiah
D:8:      layout_basic, nicolae_wu_jian_immortal_techniques,
          gammafunk_ghost_nasty_kobolds, lightli_bailey_entry_fortress,
          uniq_erica
D:9:      layout_roguey, overflow_temple_1_default, lair_entry_dummy,
          lemuel_flamethrower_2, uniq_harold
D:10:     layout_cave_pods, special_room [special_room_bee],
          gammafunk_ghost_ooze, nicolae_concentric_dashed_squares_mild,
          nooodl_orcs_dogs
D:11:     layout_long_grid, minmay_orc_entry_temple_small
D:12:     layout_cave_pools, kennysheep_boxes
Temple:   nicolae_temple_god_jail
Lair:1:   layout_loops_ring, serial_bayou_shore_a
Lair:2:   layout_regular_city, minmay_snake_entry_guardpost_medium,
          minivault_24, uniq_nergalle
Lair:3:   layout_cave_pods, nicolae_swamp_entry_splash_gauntlet
Lair:4:   layout_cave_pods, minmay_slime_entry_oklob_open, dpeg_oklob_1,
          lemuel_fruit_fields
Orc:1:    layout_diamond_mine, nicolae_orc_rich_vein
Orc:2:    st_orc_rangers, layout_caves, serial_shops, shop
Elf:1:    eino_elf_arrival_altar, layout_gridlike, minmay_elf_annihilation

Skill      XL: |  1  2  3  4  5  6  7  8  9 10 11 12 13 14 |
---------------+-------------------------------------------+-----
Shields        | 2 3 4 6 9 10 | 10.1
Spellcasting   | 2 3 5 6 7 8 9 10 11 | 11.9
Evocations     | 1 2 3 |  3.0
Earth Magic    | 1 2 5 6 |  6.5
Conjurations   | 2 4 5 6 7 8 9 10 | 10.5
Poison Magic   | 3 4 |  4.0
Air Magic      | 2 3 4 5 |  5.0
Ranged Weapons | 1 4 |  4.0
Armour         | 2 3 |  3.0
Dodging        | 2 4 5 |  5.0
Fighting       | 4 5 6 |  6.4
Stealth        | 7 8 |  8.4
Fire Magic     | 3 7 8 |  8.0
Maces & Flails | |  2.0

Action                     |  1- 3 |  4- 6 |  7- 9 | 10-12 | 13-15 || total
---------------------------+-------+-------+-------+-------+-------++-------
  Melee: Mace              |    16 |    82 |       |       |       ||    98
         Dagger            |       |     5 |   142 |   223 |     9 ||   379
         Flail             |       |       |       |       |   104 ||   104
   Fire: Orcbow            |       |   162 |   145 |   170 |   276 ||   753
  Throw: Dart              |       |       |     6 |     3 |     3 ||    12
         Throwing net      |       |       |       |     1 |       ||     1
   Cast: Stone Arrow       |       |       |    30 |   140 |    49 ||   219
         Mephitic Cloud    |       |       |    21 |   120 |   102 ||   243
         Magic Dart        |       |       |    11 |       |       ||    11
         Sticky Flame      |       |       |       |       |    97 ||    97
         Foxfire           |       |       |       |       |     5 ||     5
Ability: Shaft Self        |     2 |       |     1 |     1 |       ||     4
         Dig               |       |     1 |     2 |     3 |     8 ||    14
  Evoke: Wand              |     7 |     4 |     2 |     5 |    12 ||    30
    Use: Scroll            |       |     7 |     2 |     6 |     4 ||    19
         Potion            |       |     1 |     1 |     1 |     2 ||     5
   Stab: Paralysed         |     6 |       |     5 |       |       ||    11
         Sleeping          |       |     1 |       |       |       ||     1
         Confused          |       |       |     2 |    36 |    13 ||    51
         Held in net/web   |       |       |       |     1 |       ||     1
 Armour: Leather armour    |     3 |       |    19 |    10 |       ||    32
         Ring mail         |       |    59 |     7 |       |       ||    66
         Robe              |       |       |       |    51 |    27 ||    78
  Dodge: Dodged            |    15 |    67 |    87 |   218 |   156 ||   543
  Block: Buckler           |     1 |    42 |    28 |    97 |   202 ||   370
         Reflection        |       |       |       |       |    65 ||    65

Table legend: (Time is in decaauts)
 A = Elapsed time spent in this place.
 B = Non-inter-level travel time spent in this place.
 C = Inter-level travel time spent in this place.
 D = Time resting spent in this place.
 E = Time spent auto-exploring this place.
 F = Levels seen in this place.
 G = Mean time per level.
                   A        B        C        D        E       F      G
               +--------+--------+--------+--------+--------+-----+--------+
         Total |  27450 |  24996 |   2454 |   8654 |   7935 |  20 | 1372.5 |
       Dungeon |  17368 |  15998 |   1370 |   5273 |   5752 |  12 | 1447.3 |
        Temple |     13 |      7 |      6 |      0 |      0 |   1 |   13.0 |
          Lair |   4669 |   4390 |    279 |   1289 |   1494 |   4 | 1167.2 |
  Orcish Mines |   5377 |   4579 |    798 |   2091 |    689 |   2 | 2688.5 |
   Elven Halls |     22 |     22 |      0 |      0 |      0 |   1 |   22.0 |
               +--------+--------+--------+--------+--------+-----+--------+

Top non-repeatable levels by time:
   Orc:1: 3331 daAuts
     D:9: 2730 daAuts
    D:10: 2570 daAuts
     D:8: 2380 daAuts
   Orc:2: 2045 daAuts
    D:11: 1967 daAuts
  Lair:2: 1828 daAuts
     D:6: 1528 daAuts
     D:4: 1460 daAuts
  Lair:1: 1396 daAuts
  Lair:3: 1320 daAuts
     D:2: 1074 daAuts
     D:7: 960 daAuts
     D:3: 931 daAuts
     D:5: 928 daAuts
